Get step-by-step instructions on how to execute this build order below. Start the game timer, and the build order will tick by so you can play in parallel with StarCraft on a second screen or mobile device.

Game Time

  0:00

Last Step

  N/A

Next Step

  12  0:00  Drone  

Upcoming Step

  13  0:07  Extractor  

Don't want to look back and forth between 2 screens? Try out our Overwolf App, the Spawning Tool Build Advisor to get an in-game overlay with this build!

Complete Build Order

  12  0:00  Drone  
  13  0:07  Extractor  
  13  0:10  Drone  
  13  0:14  Extractor  
  13  0:16  Drone  
  15  0:43  Hatchery  
  15  0:44  Drone, Extractor  
  15  0:50  Overlord  
  15  1:05  Spawning Pool  
  15  1:08  Drone  
  15  1:12  Drone  
  15  1:15  Drone  
  17  1:19  Drone  
  18  1:30  Drone  
  19  1:41  Drone  
  19  1:45  Unknown  
  19  1:52  Roach Warren  
  18  1:54  Queen  
  18  1:55  Zergling x2  
  21  2:06  Zergling x2  
  21  2:08  Overlord  
  22  2:23  Spore Crawler  
  19  2:33  Roach x2  
  23  2:38  Roach  
  23  2:39  Queen, Roach  
  30  2:47  Extractor  
  30  2:49  Roach  
  29  2:57  Ravager  
  30  2:59  Drone x2  
  30  3:01  Overlord  
  32  3:11  Ravager  
  33  3:15  Roach  
  33  3:18  Drone  
  36  3:22  Roach  
  38  3:27  Ravager  
  38  3:31  Roach  
  41  3:35  Overlord  
  41  3:39  Ravager  
  42  3:51  Ravager  
  43  3:56  Roach x2  
  44  4:07  Roach  
  44  4:08  Roach  
  46  4:15  Queen  
  46  4:16  Ravager  
  47  4:20  Roach  
  49  4:25  Ravager  
  49  4:27  Overlord  
  50  4:35  Ravager  
  51  4:42  Ravager  
  51  4:43  Overlord